 Dungeon Sprint DCSS version 0.26-a0-1177-g1209ec82b9 (webtiles) character file.

Game seed: 7740025754289317512

621 Asceticacid the Unseen (level 7, -2/38 HPs)
             Began as a Vine Stalker Brigand on Dec 24, 2020.
             Was an Initiate of Dithmenos.
             Slain by Sonja
             ... wielding a +1 short sword of venom
              (4 damage)
             ... in the Dungeon (Sprint I: "Red Sonja").
             The game lasted 00:02:19 (170 turns).

Asceticacid the Unseen (Vine Stalker Brigand)        Turns: 170, Time: 00:02:20

Health: -2/38      AC: 12    Str: 13    XL:     7   Next: 46%
Magic:  0/8        EV: 10    Int: 11    God:    Dithmenos [......]
Gold:   107        SH:  0    Dex: 18    Spells: 6/6 levels left

rFire    . . .     SeeInvis .   a - +2 dagger
rCold    + . .     Faith    .   (no shield)
rNeg     . . .     Spirit   +   k - +2 ring mail {Will+}
rPois    +         Reflect  .   (no helmet)
rElec    .         Harm     .   c - +0 cloak
rCorr    .         Rampage  .   (no gloves)
Will     +....     NoTele   +   (no boots)
Stlth    +++++.....             (no amulet)
HPRegen  0.52/turn              m - ring of Purerph {rPois rC+}
MPRegen  0.11/turn              l - +4 ring of protection

@: lethally poisoned (-2 -> -7)
A: fangs 2, regeneration 1, magic shield, antimagic bite, no potion heal 3
a: Renounce Religion


You were in the Dungeon.
You worshipped Dithmenos.
Dithmenos was noncommittal.
You visited 1 branch You collected 417 gold pieces.
You spent 310 gold pieces at shops.

Inventory:

Hand Weapons
 a - a +2 dagger (weapon)
Missiles
 d - 7 poisoned darts (quivered)
Armour
 b - a +0 robe
 c - a +0 cloak (worn)
 k - a +2 ring mail of willpower (worn)
Jewellery
 l - a +4 ring of protection (right hand)
 m - the ring of Purerph (left hand) {rPois rC+}
   (You bought it in a shop in the Dungeon)

   [ring of poison resistance]

   It protects you from cold.
   It protects you from poison.
Wands
 i - a wand of random effects (27)
Scrolls
 j - a scroll of blinking
 r - a scroll of summoning
Potions
 g - a potion of haste
 h - 2 potions of magic
 n - a potion of flight {unknown}
 o - a potion of lignification {unknown}
 p - a potion of invisibility {unknown}


   Skills:
 - Level 4.7 Fighting
 + Level 7.7 Short Blades
 - Level 4.0 Throwing
 - Level 1.2 Dodging
 - Level 15.1 Stealth


You had 6 spell levels left.
You didn't know any spells.
Your spell library was empty.

Dungeon Overview and Level Annotations

Branches:
Dungeon (1/1)

Altars:
Cheibriados
Dithmenos
Elyvilon
Fedhas
Gozag
Hepliaklqana
Kikubaaqudgha
Makhleb
Nemelex Xobeh
Okawaru
Qazlal
Ru
Sif Muna
Trog
Uskayaw
Vehumet
Wu Jian
Xom
Yredelemnul
Zin
The Shining One
Jiyva
Lugonu

Shops:
D *

Annotations:
D Sonja


Innate Abilities, Weirdness & Mutations

You have extremely sharp teeth.
Your natural rate of healing is unusually fast.
When hurt, damage is shared between your health and your magic reserves.
Your bite disrupts and absorbs the magic of your enemies.
Potions cannot restore your health.


Message History

Aim: Sonja, wielding a +1 short sword of venom and quivering 5 curare-tipped darts (moderately wounded, poisoned, slow)
You throw a curare-tipped dart.
The curare-tipped dart completely misses Sonja.
Sonja hits you but does no damage.
You are lethally poisoned!
Sonja hits you with a +1 short sword of venom.
* * * LOW HITPOINT WARNING * * *
Sonja hits you but does no damage.
Fire/throw which item? (* to show all) (? for menu, Esc to quit)
Okay, then.
Throw: 8 darts (poison)
Press: ? - help, Q - select action, (/) - cycle Shift-Dir - straight line, f/p - Sonja
Aim: Sonja, wielding a +1 short sword of venom and quivering 5 curare-tipped darts (moderately wounded, poisoned, slow)
You throw a poisoned dart. The poisoned dart hits Sonja.
Sonja looks even sicker.
Sonja is moderately wounded.
* * * LOW HITPOINT WARNING * * *
You feel sick. Sonja hits you but does no damage. Sonja completely misses you.
Sonja hits you with a +1 short sword of venom.
You die...

#..#####'#####'#__####
#..####..#...#.####
#..#__####..##.#
#..#_____##'#_.+
#⌠⌠#_.∩..†'.(._#
####_..__##_.#+#
#_____###'#
#########.##


+$@$+ #$K$# ##(## #+# You could see Sonja (very poisoned, slow).

Vanquished Creatures
  A slime creature (D)
  Sigmund (D)
  A yak (D)
  An ogre (D)
  A jelly (D)
  Ijyb (D)
6 creatures vanquished.

Notes
Turn   | Place    | Note
-------+----------+-------------------------------------------
     0 | D        | Asceticacid the Vine Stalker Brigand began the quest for
                  | the Orb.
     0 | D        | Reached XP level 1. HP: 11/11 MP: 2/2
     2 | D        | Noticed Ijyb
     5 | D        | Noticed an ogre
    13 | D        | Killed an ogre
    14 | D        | Reached skill level 10 in Stealth
    14 | D        | Reached XP level 2. HP: 16/16 MP: 3/3
    14 | D        | Reached XP level 3. HP: 19/19 MP: 4/4
    14 | D        | Gained mutation: Your natural rate of healing is unusually
                  | fast. [Vine Stalker growth]
    14 | D        | Reached XP level 4. HP: 23/23 MP: 5/5
    21 | D        | Killed Ijyb
    22 | D        | Reached skill level 1 in Dodging
    22 | D        | Noticed Sigmund
    26 | D        | Killed Sigmund
    27 | D        | Reached skill level 13 in Stealth
    27 | D        | Reached XP level 5. HP: 29/29 MP: 6/6
    27 | D        | Reached XP level 6. HP: 33/33 MP: 7/7
    63 | D        | Found a burning altar of Makhleb.
    63 | D        | Found a shimmering altar of Xom.
    63 | D        | Noticed a slime creature
    64 | D        | Found a viscous altar of Jiyva.
    64 | D        | Found a corrupted altar of Lugonu.
    66 | D        | Killed a slime creature
    67 | D        | Reached skill level 5 in Short Blades
    67 | D        | Reached skill level 15 in Stealth
    67 | D        | Reached XP level 7. HP: 38/38 MP: 8/8
    83 | D        | Found an ornate altar of the Wu Jian Council.
    83 | D        | Found a shimmering blue altar of Sif Muna.
    85 | D        | Found a radiant altar of Vehumet.
   112 | D        | Found Ysmuotz's Assorted Antiques.
   112 | D        | Found an ancient bone altar of Kikubaaqudgha.
   112 | D        | Found a hazy altar of Hepliaklqana.
   112 | D        | Found a hide-covered altar of Uskayaw.
   112 | D        | Found a basalt altar of Yredelemnul.
   112 | D        | Found an opulent altar of Gozag.
   112 | D        | Found a snail-covered altar of Cheibriados.
   112 | D        | Found a sacrificial altar of Ru.
   112 | D        | Found a shadowy altar of Dithmenos.
   112 | D        | Noticed a yak
   113 | D        | Found a stormy altar of Qazlal.
   113 | D        | Found a blossoming altar of Fedhas.
   113 | D        | Found a bloodstained altar of Trog.
   113 | D        | Found an iron altar of Okawaru.
   113 | D        | Found a glowing golden altar of the Shining One.
   113 | D        | Found a glowing silver altar of Zin.
   113 | D        | Found a white marble altar of Elyvilon.
   132 | D        | Killed a yak
   133 | D        | Found a sparkling altar of Nemelex Xobeh.
   138 | D        | Bought a heavily runed brass ring for 145 gold pieces
   138 | D        | Bought a golden potion for 26 gold pieces
   138 | D        | Bought a smoky red potion for 26 gold pieces
   138 | D        | Bought a fizzy purple potion for 26 gold pieces
   138 | D        | Bought a scroll labelled KIMOLL SOAJAQE for 29 gold pieces
   138 | D        | Bought a scroll labelled DIPOMU KOZERYG for 29 gold pieces
   138 | D        | Bought a scroll labelled VUROSO OMUSUT for 29 gold pieces
   139 | D        | Identified the ring of Purerph {rPois rC+} (You bought it
                  | in a shop in the Dungeon)
   146 | D        | Became a worshipper of Dithmenos the Shadowed
   155 | D        | Noticed Sonja
   170 | D        | Slain by Sonja

Illustrated notes

Levels and vault maps discovered:
D:        dungeon_sprint_1 [red_sonja_temple_1, red_sonja_temple_small_1]

Skill      XL: |  1  2  3  4  5  6  7 |
---------------+----------------------+-----
Fighting       | 2 4 |  4.7
Short Blades   | 3 4 5 7 |  7.7
Throwing       | 2 3 4 |  4.0
Stealth        | 10 13 15 | 15.1
Dodging        | 1 |  1.2

Action                   |  1- 3 |  4- 6 |  7- 9 || total
-------------------------+-------+-------+-------++-------
Melee: Dagger            |     4 |    12 |    28 ||    44
       Bite              |     1 |     4 |    10 ||    15
Throw: Dart              |       |       |     3 ||     3
  Use: Potion            |     1 |       |     1 ||     2
       Scroll            |       |       |     2 ||     2
 Stab: Sleeping          |       |     1 |     1 ||     2
Armor: Robe              |     1 |       |       ||     1
       Ring mail         |       |       |    13 ||    13
Dodge: Dodged            |     6 |     2 |     9 ||    17

Table legend: (Time is in decaauts)
 A = Elapsed time spent in this place.
 B = Non-inter-level travel time spent in this place.
 C = Inter-level travel time spent in this place.
 D = Time resting spent in this place.
 E = Time spent auto-exploring this place.
 F = Levels seen in this place.
 G = Mean time per level.
                   A        B        C        D        E       F      G
               +--------+--------+--------+--------+--------+-----+--------+
         Total |    164 |    164 |      0 |      0 |      0 |   1 |  164.0 |
       Dungeon |    164 |    164 |      0 |      0 |      0 |   1 |  164.0 |
               +--------+--------+--------+--------+--------+-----+--------+

Top non-repeatable levels by time:
       D: 164 daAuts
